 Dungeon Crawl Stone Soup version 0.27-a0-223-ge082b6e869 (webtiles) character file.

Game seed: 1362951116281844538

736234 gimp the Metallomancer (level 27, -7/194 HPs)
             Began as a Demonspawn Earth Elementalist on Jan 31, 2021.
             Was an Initiate of Gozag.
             Mangled by an apis (30 damage)
             ... in Pandemonium on Feb 1, 2021.
             The game lasted 04:33:12 (87021 turns).

gimp the Metallomancer (DsEE)                      Turns: 87021, Time: 04:33:13

Health: -7/194     AC: 20    Str: 18      XL:     27
Magic:  48/48      EV: 19    Int: 35 (36) God:    Gozag
Gold:   5104       SH:  9    Dex: 19 (20) Spells: 1/68 levels left

rFire    + + +     SeeInvis +   a - +9 quick blade (freeze)
rCold    + + +     Faith    .   y - +3 buckler of Duty {rPois rC+ Dex+3}
rNeg     + . .     Spirit   .   D - +1 ring mail of Gaulug {Int+7 SInv}
rPois    +         Reflect  .   (helmet unavailable)
rElec    +         Harm     .   k - +5 cloak of Mallol {rC+ Regen+ rCorr}
rCorr    +         Rampage  .   E - +1 pair of gloves of Reasonable Joy {Will+ Str+2 Dex+4}
Will     ++++.                  T - +2 pair of boots {run}
Stlth    +++++.....             r - amulet "Jagraemi" {rC+ Will+ Regen+ Str+4 Stlth+}
HPRegen  1.22/turn              P - ring "Wago" {*Contam rElec rPois rF+++ Str+6}
MPRegen  0.31/turn              M - ring of Aviuryd {Wiz rPois rN+}

@: gold aura, flying (expiring), quick
A: antennae 3, demonic guardian 3, deterioration 1, spiny 3, weak 2,
augmentation 3, sharp scales 3
}: 7/15 runes: decaying, slimy, silver, abyssal, glowing, magical, gossamer
a: Renounce Religion, Potion Petition, Call Merchant, Bribe Branch


You were in Pandemonium.
You worshipped Gozag.
Gozag was greatly pleased with you.
You visited 10 branches of the dungeon, and saw 50 of its levels.
You visited Pandemonium 1 time, and saw 5 of its levels.
You visited the Abyss 1 time.
You also visited: Sewer, Ossuary and Ice Cave.

You collected 34303 gold pieces.
You spent 11202 gold pieces at shops.
You paid 17997 gold pieces to Gozag.

Inventory:

Hand Weapons
 a - a +9 quick blade of freezing (weapon)
 b - the +4 dagger "Morg" {pain, Will+ Int+5}
   (You found it on level 5 of the Vaults)

   In the hands of one skilled in necromantic magic, it inflicts extra damage on
   living creatures.
   It affects your intelligence (+5).
   It affects your willpower, your defense against some magical effects.
Missiles
 t - 5 throwing nets
 X - 28 curare-tipped darts
Armour
 k - the +5 cloak of Mallol (worn) {rC+ Regen+ rCorr}
   (You bought it in a shop on level 15 of the Dungeon)

   It protects you from cold.
   It increases your rate of regeneration.
   It provides partial protection from all sources of acid and corrosion.
 y - the +3 buckler of Duty (worn) {rPois rC+ Dex+3}
   (You bought it in a shop on level 9 of the Dungeon)

   It affects your dexterity (+3).
   It protects you from cold.
   It protects you from poison.
 D - the +1 ring mail of Gaulug (worn) {Int+7 SInv}
   (You bought it in a shop on level 4 of the Dungeon)

   It affects your intelligence (+7).
   It lets you see invisible.
 E - the +1 pair of gloves of Reasonable Joy (worn) {Will+ Str+2 Dex+4}
   (You bought it in a shop on level 14 of the Dungeon)

   It affects your strength (+2).
   It affects your dexterity (+4).
   It affects your willpower, your defense against some magical effects.
 T - a +2 pair of boots of running (worn)
Magical Staves
 x - an uncursed staff of earth
Jewellery
 l - an uncursed ring of flight
 r - the amulet "Jagraemi" (around neck) {rC+ Will+ Regen+ Str+4 Stlth+}
   (You found it on level 5 of the Pits of Slime)

   [amulet of regeneration]

   It affects your strength (+4).
   It protects you from cold.
   It affects your willpower, your defense against some magical effects.
   It increases your rate of regeneration.
   It makes you more stealthy.
 I - a +6 ring of strength
 K - an uncursed amulet of magic regeneration
 M - the ring of Aviuryd (right hand) {Wiz rPois rN+}
   (You bought it in a shop on level 14 of the Dungeon)

   [ring of wizardry]

   It improves your spell success rate.
   It protects you from poison.
   It protects you from negative energy.
 P - the ring "Wago" (left hand) {*Contam rElec rPois rF+++ Str+6}
   (You took it off a deep elf high priest on level 5 of the Vaults)

   [ring of strength]

   It affects your strength (+6).
   It renders you almost immune to fire.
   It insulates you from electricity.
   It protects you from poison.
   It causes magical contamination when unequipped.
 U - the ring "Kajug" {rF+ MP+9 Str+2 Int+4 Dex+6}
   (You took it off a death knight on level 12 of the Dungeon)

   [ring of dexterity]

   It affects your strength (+2).
   It affects your intelligence (+4).
   It affects your dexterity (+6).
   It protects you from fire.
   It affects your magic capacity (+9).
Wands
 u - a wand of digging (28)
 G - a wand of acid (52)
 H - a wand of flame (155)
 Y - a wand of iceblast (98)
Scrolls
 d - 7 scrolls of magic mapping
 g - 30 scrolls of teleportation
 h - 14 scrolls of immolation
 j - 17 scrolls of remove curse
 m - 20 scrolls of identify
 n - 2 scrolls of silence
 q - 6 scrolls of fear
 v - 12 scrolls of blinking
 B - 6 scrolls of enchant armour
 C - 8 scrolls of amnesia
 F - a scroll of summoning
 J - 10 scrolls of fog
Potions
 c - 24 potions of heal wounds
 e - 34 potions of curing
 f - 12 potions of brilliance
 i - 24 potions of ambrosia
 p - 5 potions of cancellation
 s - 7 potions of haste
 w - 8 potions of mutation
 z - 3 potions of invisibility
 L - 4 potions of flight
 N - 10 potions of might
 O - 6 potions of magic
 S - 2 potions of resistance
Miscellaneous
 A - a tin of tremorstones (2/2)
 Q - a lightning rod (4/4)
 R - a condenser vane
 W - a phantom mirror


   Skills:
 - Level 11.0 Fighting
 - Level 10.0 Short Blades
 - Level 11.0 Dodging
 - Level 10.0 Stealth
 - Level 4.0 Shields
 - Level 21.0 Spellcasting
 - Level 8.0 Conjurations
 - Level 4.0 Summonings
 - Level 8.0 Necromancy
 - Level 2.0 Translocations
 - Level 8.0 Transmutations
 - Level 18.0 Fire Magic
 * Level 16.6 Ice Magic
 - Level 24.0 Earth Magic
 - Level 11.0 Evocations


You had one spell level left.
You knew the following spells:

 Your Spells              Type           Power        Failure   Level
a - Stone Arrow           Conj/Erth      100%         0%          3
b - Irradiate             Conj/Tmut      37%          1%          5
c - Necromutation         Tmut/Necr      37%          77%         8
d - Passwall              Tmut/Erth      82%          0%          2
e - Lee's Rapid Deconstr  Erth           58%          0%          5
g - Fireball              Conj/Fire      45%          1%          5
h - Borgnjor's Vile Clut  Necr/Erth      49%          1%          5
i - Blink                 Tloc           N/A          1%          2
j - Apportation           Tloc           100%         1%          1
k - Bolt of Magma         Conj/Fire/Erth 50%          1%          5
l - Shatter               Erth           58%          3%          9
m - Ignition              Fire           52%          2%          8
n - Absolute Zero         Ice            50%          52%         9

Your spell library contained the following spells:

 Spells                   Type           Power        Failure   Level
 Foxfire                  Conj/Fire      100%         0%          1
 Freeze                   Ice            100%         0%          1
 Sandblast                Erth           100%         0%          1
 Animate Skeleton         Necr           100%         1%          1
 Beastly Appendage        Tmut           100%         1%          1
 Corona                   Hex            40%          1%          1
 Magic Dart               Conj           100%         1%          1
 Shock                    Conj/Air       100%         1%          1
 Sting                    Tmut/Pois      100%         1%          1
 Summon Small Mammal      Summ           100%         1%          1
 Conjure Flame            Conj/Fire      91%          0%          3
 Frozen Ramparts          Ice            100%         0%          3
 Ozocubu's Armour         Ice            100%         0%          3
 Petrify                  Tmut/Erth      99%          0%          4
 Call Imp                 Summ           59%          1%          2
 Corpse Rot               Necr/Air       N/A          1%          2
 Ensorcelled Hibernation  Hex/Ice        100%         1%          2
 Poisonous Vapours        Pois/Air       72%          1%          2
 Searing Ray              Conj           100%         1%          2
 Slow                     Hex            36%          1%          2
 Sublimation of Blood     Necr           37%          1%          2
 Swiftness                Air            36%          1%          2
 Wereblood                Tmut           75%          1%          2
 Call Canine Familiar     Summ           59%          1%          3
 Confusing Touch          Hex            36%          1%          3
 Dazzling Flash           Conj/Hex       100%         1%          3
 Gell's Gravitas          Tloc           25%          1%          3
 Ignite Poison            Fire/Tmut/Pois 77%          1%          3
 Inner Flame              Hex/Fire       79%          1%          3
 Lesser Beckoning         Tloc           25%          1%          3
 Mephitic Cloud           Conj/Pois/Air  53%          1%          3
 Portal Projectile        Hex/Tloc       86%          1%          3
 Spider Form              Tmut/Pois      29%          1%          3
 Static Discharge         Conj/Air       59%          1%          3
 Summon Guardian Golem    Hex/Summ       50%          1%          3
 Teleport Other           Tloc           50%          1%          3
 Tukima's Dance           Hex            36%          1%          3
 Vampiric Draining        Necr           37%          1%          3
 Animate Armour           Summ/Erth      100%         1%          4
 Animate Dead             Necr           37%          1%          4
 Dispel Undead            Necr           75%          1%          4
 Fulminant Prism          Conj/Hex       29%          1%          4
 Hailstorm                Conj/Ice       89%          1%          4
 Ice Form                 Ice/Tmut       89%          1%          4
 Iskenderun's Mystic Bla  Conj/Tloc      64%          1%          4
 Leda's Liquefaction      Hex/Erth       44%          1%          4
 Sticky Flame             Conj/Fire      91%          1%          4
 Summon Ice Beast         Ice/Summ       83%          1%          4
 Blade Hands              Tmut           37%          1%          5
 Iskenderun's Battlesphe  Conj           75%          1%          5
 Metabolic Englaciation   Hex/Ice        38%          1%          5
 Iron Shot                Conj/Erth      49%          1%          6
 Starburst                Conj/Fire      45%          1%          6
 Statue Form              Tmut/Erth      66%          1%          6
 Passage of Golubria      Tloc           N/A          2%          4
 Summon Lightning Spire   Summ/Air       50%          2%          4
 Alistair's Intoxication  Tmut/Pois      39%          3%          5
 Lightning Bolt           Conj/Air       29%          3%          5
 Yara's Violent Unravell  Hex/Tmut       29%          3%          5
 Freezing Cloud           Conj/Ice/Air   38%          3%          6
 Hydra Form               Tmut           37%          3%          6
 Summon Forest            Summ/Tloc      27%          4%          5
 Lehudib's Crystal Spear  Conj/Erth      49%          5%          8
 Airstrike                Air            18%          6%          4
 Cause Fear               Hex            18%          6%          4
 Silence                  Hex/Air        18%          16%         5
 Eringya's Noxious Bog    Tmut/Pois      29%          16%         6
 Shadow Creatures         Summ           N/A          16%         6
 Dragon Form              Tmut           37%          17%         7
 Orb of Destruction       Conj           37%          17%         7
 Dispersal                Tloc           25%          34%         6
 Haunt                    Necr/Summ      34%          38%         7
 Spellforged Servitor     Conj/Summ      34%          38%         7
 Invisibility             Hex            36%          61%         6
 Monstrous Menagerie      Summ           29%          65%         7
 Summon Hydra             Summ           29%          65%         7
 Malign Gateway           Summ/Tloc      27%          77%         7
 Borgnjor's Revivificati  Necr           37%          77%         8
 Infestation              Necr           37%          77%         8
 Fire Storm               Conj/Fire      45%          93%         9
 Chain Lightning          Conj/Air       29%          99%         8
 Summon Horrible Things   Summ           29%          99%         8
 Discord                  Hex            18%          100%        8
 Death's Door             Necr           37%          100%        9
 Dragon's Call            Summ           29%          100%        9


Dungeon Overview and Level Annotations

Branches:
Dungeon (15/15)            Temple (1/1) D:5            Lair (6/6) D:8
  Swamp (4/4) Lair:2       Spider (4/4) Lair:3        Slime (5/5) Lair:6
    Orc (2/2) D:12            Elf (3/3) Orc:2        Vaults (5/5) D:14
  Crypt (0/3) Vaults:2     Depths (5/5) D:15            Zot (0/5) Depths:5
  Sewer (visited)         Ossuary (visited)           IceCv (visited)

Altars:
Ashenzari
Cheibriados
Dithmenos
Elyvilon
Fedhas
Gozag
Hepliaklqana
Kikubaaqudgha
Makhleb
Nemelex Xobeh
Okawaru
Qazlal
Ru
Sif Muna
Trog
Uskayaw
Vehumet
Wu Jian
Xom
Yredelemnul
Zin
The Shining One
Beogh
Lugonu

Shops:
D:4 [   D:7 [   D:9 [   D:13 [[   D:14 [=!?   D:15 *   Orc:2 :*[((:
Elf:2 (*=}*   Lair:2 ![   Vaults:1 =   Vaults:3 (   Depths:1 [*!
Depths:4 ![*[*}*!(

Portals:
Hell: Depths:1 Depths:2 Depths:3 Depths:4 Depths:5
Abyss: Depths:4 Depths:5
Pandemonium: Depths:1 Depths:2 Depths:3
Ziggurat: Depths:3
Trove: Elf:1 (give 2 scrolls of acquirement)

Annotations:
Lair:1 2 transporters, exclusion: oklob plant
Vaults:4 8 runed translucent doors, Copycat's ghost, adept DDFi


Innate Abilities, Weirdness & Mutations

You have a pair of large antennae on your head. (SInv)
A powerful demonic guardian rushes to your aid.
You are completely covered in sharp spines.
Your magical and physical power is greatly enhanced at high health.
You are completely covered in razor-sharp scales. (AC +3, Slay +3)
Your body sometimes deteriorates upon taking damage.
You are very weak. (Str -4)


Message History

You take 37 damage, and have 77/194 hp.
You are too injured to fight recklessly!
You are too injured to fight recklessly!
You puncture the apis! You freeze the apis.
The apis is lightly wounded.
The apis gores you. The apis sears you!!
* * * LOW HITPOINT WARNING * * *
Your body deteriorates!
You feel clumsy.
You take 33 damage, and have 44/194 hp.
Your Brimstone Fiend hits the apis! x2
Your Brimstone Fiend hits the apis but does no damage.
Your Brimstone Fiend hits the apis!!
Your Brimstone Fiend hits the apis but does no damage.
Your Brimstone Fiend hits the apis.
The apis gores your Brimstone Fiend. The apis sears your Brimstone Fiend!!
The apis is struck by your spines. The apis gores you!!
* * * LOW HITPOINT WARNING * * *
The apis sears you!!
You die...
Your body crumbles into a pile of gold.

≈≈≈≈≈##≈≈≈≈.....#### #......AA?
≈≈≈≈≈#≈≈≈≈..##### ##########
≈≈≈≈≈≈≈≈≈..## ≈≈≈≈≈≈≈≈####
≈*≈≈≈≈≈** ≈≈≈≈≈≈,* ##* *****
≈≈≈≈≈,,* ##.### *,$,*
≈≈≈≈,,****##....## *,,,*
≈≈≈≈≈≈,,,##.?.1Y@# ***+***
,,≈≈≈≈≈,.......YY#** *,,,,,****
,,,≈≈≈≈≈.....≈≈.$Y.#***,,,,,*,,*
,_,,≈≈≈≈≈....≈≈≈1...+,,,,,,,+,,*
,,,≈≈≈≈≈≈≈≈.........#**,,,,,*,,*
,≈≈≈≈≈≈≈≈≈≈≈......### *,,,,,****
≈≈≈≈≈≈≈≈≈≈≈≈....### ***+***
*≈≈≈≈≈≈≈≈≈≈≈≈#### *,,,*
≈***≈≈≈≈≈≈≈≈≈* *,,,*


You could see 4 apis and 2 friendly Brimstone Fiends.

Vanquished Creatures
  the Royal Jelly (Slime:5)
  Lom Lobon (Pan)
  2 dread liches
  Mara (Depths:1)
  2 juggernauts (Depths:2)
  Sojobo (Vaults:2)
  Boris (twice) (Vaults:4 Depths:1)
  2 pandemonium lords (Pan)
  Bai Suzhen (Vaults:2)
  the Lernaean hydra (Swamp:4)
  Xtahua (Vaults:3)
  A caustic shrike (Depths:2)
  2 golden dragons (Vaults:5)
  Nikola (Vaults:2)
  A profane servitor (D:15)
  A Brimstone Fiend (Pan)
  4 tentacled monstrosities
  3 liches
  13 titans
  3 deep elf blademasters
  5 deep elf master archers
  3 tentacled starspawn (Abyss:3)
  A quicksilver dragon (Vaults:5)
  4 Executioners
  31 acid blobs
  A thorn hunter (Swamp:4)
  5 sphinxes
  6 shadow dragons (Vaults:5)
  A storm dragon (shapeshifter) (Depths:3)
  5 storm dragons
  12 tengu reavers
  A draconian monk (Depths:5)
  18 fire giants
  A daeva (Pan)
  Donald (Vaults:2)
  20 vault wardens
  An azure jelly (shapeshifter) (Depths:5)
  Roxanne (Swamp:4)
  5 orc warlords
  12 azure jellies
  A fenstrider witch (Swamp:2)
  7 deep elf sorcerers
  4 iron dragons
  3 blood saints (Pan)
  7 ghost moths
  6 emperor scorpions
  17 frost giants
  A draconian scorcher (Depths:4)
  4 cacodemons (Pan)
  Aizul (Depths:3)
  3 warmongers (Pan)
  7 deep elf elementalists
  3 balrugs (Pan)
  4 draconian annihilators
  An angel (Pan)
  16 very ugly things
  15 ironheart preservers
  24 stone giants
  2 vampire knights
  A corrupter (Pan)
  4 war gargoyles
  3 apis (Pan)
  7 deep elf demonologists
  2 green draconians (Depths:5)
  Azrael (Elf:2)
  4 lorocyprocas
  3 black suns (Pan)
  12 deep elf annihilators
  3 entropy weavers
  2 spark wasps (shapeshifter)
  8 spark wasps
  A yellow draconian (Depths:5)
  3 red draconians (Depths:5)
  A minotaur (shapeshifter) (Elf:3)
  2 pearl dragon zombies (Depths:1)
  A crystal guardian (Depths:3)
  2 green deaths (Pan)
  A fire dragon (shapeshifter) (Depths:3)
  10 deep elf death magi
  12 ettins
  A merfolk impaler (Depths:5)
  5 death oozes
  6 fire dragons
  3 eleionomae
  5 blizzard demons (Pan)
  9 deep elf high priests
  13 yaktaur captains
  3 monstrous demonspawn (Pan)
  5 rakshasas
  A shambling mangrove (Swamp:4)
  9 great orbs of eyes
  Josephine (Lair:4)
  19 hydras
  2 hell beasts
  44 vault guards
  Erica (D:8)
  5 ice dragons
  5 boulder beetles
  2 juggernaut simulacra (Depths:3)
  4 catoblepae
  11 ogre magi
  6 centaur warriors
  A boulder beetle (shapeshifter) (Depths:3)
  11 alligators
  4 ghost crabs (Swamp:4)
  37 two-headed ogres
  3 spriggan air magi
  8 death scarabs (Spider:4)
  7 deep troll earth magi
  A two-headed ogre (shapeshifter) (Vaults:5)
  17 death yaks
  6 deep troll shamans
  3 tengu warriors
  6 spriggan berserkers
  5 death knights
  3 hell hogs (Depths:1)
  5 orc high priests
  A queen ant (shapeshifter) (Depths:3)
  A soul eater (Pan)
  5 shock serpents
  3 thrashing horrors
  A storm dragon zombie (Depths:2)
  9 sun demons (Pan)
  2 vampire magi (Depths:4)
  A spectral emperor scorpion (Spider:4)
  11 hell knights
  Sonja (Lair:6)
  Nergalle (D:12)
  2 wretched stars (Abyss:1)
  22 deep elf knights
  4 iron trolls
  A shadow wraith (Vaults:5)
  10 skeletal warriors
  2 fire crabs (shapeshifter)
  25 deep trolls
  13 sixfirhies
  2 gelid demonspawn (Pan)
  10 swamp dragons
  10 spriggan druids
  5 flayed ghosts
  2 goliath frogs
  2 infernal demonspawn (Pan)
  A torturous demonspawn (Pan)
  A golden dragon skeleton (Depths:2)
  A glowing orange brain (Depths:4)
  17 orc knights
  2 unseen horrors
  52 deep elf zephyrmancers
  4 phantasmal warriors
  9 wizards
  A sphinx zombie (Depths:2)
  A wolf spider zombie (Spider:4)
  5 bog bodies
  3 lindwurms (Swamp:4)
  6 necromancers
  14 ironbrand convokers
  15 deep elf archers
  3 harpies (Vaults:2)
  A lindwurm (shapeshifter) (Vaults:5)
  40 deep elf pyromancers
  A mana viper (shapeshifter) (Depths:2)
  7 orb spiders
  3 spectral wolf spiders (Spider:4)
  2 manticores (Lair:6)
  35 ugly things
  5 orc sorcerers
  4 will-o-the-wisps
  24 wolf spiders
  12 shining eyes
  9 cyclopes
  A manticore (shapeshifter) (Depths:3)
  2 moths of wrath (Spider:4)
  3 worldbinders
  5 black mambas
  4 apis skeletons (Depths:1)
  16 elephants
  A moth of wrath (shapeshifter) (Vaults:5)
  2 eyes of devastation (shapeshifter)
  A black mamba (shapeshifter) (Vaults:3)
  5 torpor snails
  2 rust devils
  2 apocalypse crabs (Abyss:3)
  14 vault sentinels
  4 orange demons
  A gargoyle (D:14)
  2 guardian serpents (Abyss:3)
  8 cane toads
  38 smoke demons (Pan)
  A torpor snail (shapeshifter) (Vaults:5)
  2 frost giant skeletons
  A naga mage (Depths:3)
  An ice statue (IceCv)
  2 eyes of devastation
  3 kobold demonologists
  3 rime drakes
  2 hellions
  20 hellwings (Pan)
  5 tormentors (Pan)
  54 yaktaurs
  A redback zombie (Spider:4)
  An ice devil (Pan)
  21 freezing wraiths
  6 spectral redbacks (Spider:4)
  An elf (Depths:4)
  An efreet (Abyss:3)
  9 komodo dragons
  20 demonic crawlers
  9 meliai
  4 red devils (Pan)
  16 hornets
  A queen bee (D:13)
  7 trolls
  28 jumping spiders
  3 tengu conjurers
  A bloated husk (Swamp:1)
  3 polar bears
  3 spectral tarantellas (Spider:4)
  18 blink frogs
  5 spectral jumping spiders (Spider:4)
  5 tyrant leeches
  A jumping spider (shapeshifter) (Vaults:4)
  A blink frog (shapeshifter) (Depths:3)
  137 slime creatures
  2 jumping spider zombies (Spider:4)
  3 tarantella zombies (Spider:4)
  2 shadows (D:12)
  An ettin skeleton (Vaults:1)
  A spriggan (shapeshifter) (Vaults:2)
  5 centaur simulacra
  57 redbacks
  15 large abominations
  4 water elementals
  An air elemental (Elf:2)
  A flying skull (Abyss:3)
  9 wraiths
  19 spriggans
  A yak (shapeshifter) (Depths:4)
  12 ynoxinuls (Pan)
  61 yaks
  36 tarantellas
  A human (shapeshifter) (Vaults:3)
  4 vampires (Depths:4)
  A hog (shapeshifter) (D:12)
  2 fire bats (Depths:1)
  3 humans (Depths:4)
  A basilisk (shapeshifter) (Vaults:2)
  A wyvern (Lair:4)
  7 golden eyes
  3 steam dragons
  9 vampire mosquitoes
  4 basilisks
  A warg (shapeshifter) (Depths:2)
  5 fire elementals
  2 chaos spawn
  9 neqoxecs
  A human simulacrum (Vaults:4)
  8 wargs
  17 swamp worms
  2 acid dragons
  A harpy simulacrum (Depths:3)
  2 soldier ants (D:10)
  An ogre skeleton (Vaults:1)
  2 small abominations (Abyss:1)
  Duvessa (D:6)
  16 water moccasins
  7 hell hounds
  A floating eye (Slime:2)
  52 orc warriors
  23 ice beasts
  2 black bears (D:8)
  A sky beast (D:7)
  Purgy (Sewer)
  8 swamp drakes
  A black bear (shapeshifter) (Depths:1)
  7 eyes of draining
  19 boggarts
  3 necrophages (D:7)
  A boggart (shapeshifter) (Vaults:5)
  3 hornet zombies
  36 ogres
  11 centaurs
  25 wolves
  A human skeleton (Vaults:1)
  6 phantoms
  The ghost of backslashecho the Digger, an amateur OpEE (D:3)
  2 big kobolds
  A yaktaur zombie (Vaults:1)
  18 bullfrogs
  A water moccasin zombie (D:7)
  A wyvern zombie (D:14)
  26 orc priests
  Dowan (D:6)
  A wyvern skeleton (D:12)
  2 troll zombies (D:12)
  An elephant simulacrum (IceCv)
  4 scorpions
  14 killer bees (D:13)
  2 spectral wolves (Depths:4)
  14 wights
  An orc simulacrum (Vaults:1)
  A howler monkey (D:6)
  4 electric eels
  A crimson imp (Depths:1)
  A draconian simulacrum (IceCv)
  A jelly (D:10)
  4 bullfrog zombies
  A quasit (D:14)
  4 hounds
  4 centaur zombies
  A bullfrog skeleton (D:10)
  3 centaur skeletons
  A gnoll shaman (D:3)
  An iguana (D:13)
  24 orc wizards
  7 worker ants
  2 polar bear simulacra (IceCv)
  3 spriggan simulacra (IceCv)
  4 troll simulacra (IceCv)
  A wolf simulacrum (IceCv)
  A big kobold zombie (Ossuary)
  A bullfrog simulacrum (D:12)
  4 ogre zombies (D:12)
  2 hound zombies (D:7)
  3 mummies (Ossuary)
  A worker ant zombie (D:7)
  A gnoll (D:5)
  An ogre simulacrum (IceCv)
  19 adders
  A howler monkey skeleton (D:9)
  7 naga simulacra (IceCv)
  3 shadow imps
  28 white imps
  3 ufetubi
  2 worms
  3 dart slugs
  9 leopard geckos
  96 orcs
  2 ball pythons
  12 giant cockroaches
  8 goblins
  11 hobgoblins
  12 jackals
  4 quokkas
  14 bats
  6 frilled lizards
  A giant cockroach zombie (D:4)
  A goblin skeleton (D:12)
  3 goblin zombies (D:12)
  7 hobgoblin zombies
  A jackal zombie (D:7)
  16 kobolds
  An orc skeleton (D:12)
  9 orc zombies (D:12)
  5 rats
  7 ball lightnings (Pan)
  A bush (D:7)
  A plant (Depths:1)
  3 starspawn tentacles (Abyss:3)
2605 creatures vanquished.

Vanquished Creatures (collateral kills)
  An azure jelly (Slime:2)
  The ghost of Ageohoy the Tortoise, an adept DsBe of Trog (Spider:2)
  A deep elf annihilator (Elf:3)
  An ettin (Vaults:5)
  A yaktaur captain (Depths:4)
  A hydra (Swamp:4)
  A death yak (Lair:6)
  A gelid demonspawn (Pan)
  An iron troll (Depths:4)
  A bog body (Swamp:2)
  A deep troll (Depths:4)
  2 deep elf archers
  3 deep elf zephyrmancers
  2 ugly things (Pan)
  An elephant (Lair:5)
  An orange demon (Pan)
  A komodo dragon (Lair:6)
  A demonic crawler (Spider:4)
  A tormentor (Pan)
  A meliai zombie (D:11)
  A redback (Spider:2)
  A tarantella (Spider:2)
  2 yaks
  A neqoxec (Pan)
  A swamp worm (Swamp:2)
  A wolf (Depths:4)
  A hound (D:5)
  An orc wizard (D:5)
  2 mummies (Ossuary)
  A gnoll (D:5)
  4 orcs
  A hobgoblin zombie (Ossuary)
41 creatures vanquished.

Vanquished Creatures (others)
  A golden dragon (Depths:3)
  An eldritch tentacle (Pan)
  2 fire giants
  A vampire knight (Depths:5)
  An alligator (Swamp:4)
  40 dancing weapons
  A swamp dragon (Swamp:4)
  A bloated husk (Swamp:4)
  A hell hound (Elf:2)
  A hound skeleton (D:8)
  A gnoll (D:5)
  A quokka (D:15)
  8 ball lightnings (Pan)
  10 foxfires
  24 fungi
  84 plants
  7 starspawn tentacles (Abyss:3)
185 creatures vanquished.

Grand Total: 2831 creatures vanquished

Notes
Turn   | Place    | Note
-------+----------+-------------------------------------------
     0 | D:1      | gimp the Demonspawn Earth Elementalist began the quest for
                  | the Orb.
     0 | D:1      | Reached XP level 1. HP: 13/13 MP: 3/3
    99 | D:1      | Reached skill level 3 in Earth Magic
   491 | D:1      | Gained mutation: A weak demonic guardian rushes to your
                  | aid. [demonic ancestry]
   491 | D:1      | Reached XP level 2. HP: 19/19 MP: 3/5
  1103 | D:1      | Reached XP level 3. HP: 25/25 MP: 4/6
  1107 | D:1      | Learned a level 3 spell: Stone Arrow
  1171 | D:2      | Reached skill level 1 in Fighting
  1244 | D:2      | Reached skill level 1 in Conjurations
  1455 | D:2      | Reached skill level 4 in Earth Magic
  1608 | D:2      | Found a faded altar of an unknown god.
  1654 | D:2      | Reached XP level 4. HP: 32/32 MP: 1/7
  2173 | D:3      | Found a blossoming altar of Fedhas.
  2241 | D:2      | Reached XP level 5. HP: 29/37 MP: 2/8
  2909 | D:3      | Noticed backslashecho's ghost (amateur OpEE)
  2913 | D:3      | Found a runed translucent gate.
  2913 | D:3      | Found a runed translucent gate.
  2913 | D:3      | Found a runed translucent gate.
  3221 | D:4      | Noticed an ogre
  3223 | D:4      | Killed an ogre
  3224 | D:4      | Reached skill level 5 in Earth Magic
  3224 | D:4      | Gained mutation: You are partially covered in sharp spines.
                  | [demonic ancestry]
  3224 | D:4      | Reached XP level 6. HP: 43/43 MP: 4/9
  3304 | D:4      | Found a glowing drain.
  3357 | Sewer    | Entered a sewer
  3420 | Sewer    | Noticed Purgy
  3431 | Sewer    | Killed Purgy
  3795 | D:4      | Found Ryquir's Antique Armour Shoppe.
  3800 | D:4      | Bought a runed robe for 96 gold pieces
  3891 | D:4      | Found a broken altar of Ashenzari.
  4092 | D:4      | Reached skill level 6 in Earth Magic
  4092 | D:4      | Reached skill level 1 in Transmutations
  4092 | D:4      | Gained mutation: You have a pair of small antennae on your
                  | head. [demonic ancestry]
  4092 | D:4      | Reached XP level 7. HP: 39/48 MP: 5/10
  4411 | D:5      | Entered Level 5 of the Dungeon
  4699 | D:5      | Found a staircase to the Ecumenical Temple.
  4838 | Temple   | Entered the Ecumenical Temple
  5150 | D:5      | Learned a level 4 spell: Petrify
  5153 | D:5      | Learned a level 2 spell: Passwall
  5782 | D:5      | Identified Sif Muna's Compendium of the Ensnaring Mountains
  6029 | D:6      | Reached XP level 8. HP: 54/54 MP: 0/14
  6086 | D:6      | Reached skill level 5 in Conjurations
  6166 | D:6      | Found an opulent altar of Gozag.
  6169 | D:6      | Became a worshipper of Gozag Ym Sagoz the Greedy
  6208 | D:6      | Found a basalt altar of Yredelemnul.
  6304 | D:6      | Noticed Duvessa
  6304 | D:6      | Noticed Dowan
  6334 | D:6      | Found a sand-covered staircase.
  6342 | Ossuary  | Entered an ossuary
  6346 | Ossuary  | HP: 2/54 [mummy (13)]
  6709 | Ossuary  | Reached skill level 5 in Spellcasting
  7169 | D:7      | Found Ymizeonkim's Antique Armour Emporium.
  8093 | D:7      | Reached XP level 9. HP: 59/59 MP: 11/18
  8256 | D:7      | Reached skill level 1 in Short Blades
  8829 | D:7      | Found a blossoming altar of Fedhas.
  9115 | D:7      | Reached skill level 5 in Transmutations
  9432 | D:8      | Noticed a komodo dragon
  9527 | D:8      | HP: 1/59 [komodo dragon (25)]
  9883 | D:8      | Killed a komodo dragon
 10032 | D:8      | Found a snail-covered altar of Cheibriados.
 10039 | D:8      | Reached skill level 7 in Earth Magic
 10225 | D:8      | Noticed Erica
 10233 | D:8      | Killed Erica
 10337 | D:8      | Gained mutation: You have a pair of antennae on your head.
                  | [demonic ancestry]
 10337 | D:8      | Reached XP level 10. HP: 65/65 MP: 12/19
 10493 | D:8      | Found a staircase to the Lair.
 10678 | D:8      | Found the +6 lightning scales {run, rElec}
 10711 | D:8      | Found a stormy altar of Qazlal.
 11203 | D:9      | You fall into a shaft and drop 1 floor!
 11203 | D:10     | Entered Level 10 of the Dungeon
 11212 | D:10     | Reached skill level 8 in Earth Magic
 11400 | D:10     | Reached skill level 5 in Short Blades
 11407 | D:10     | Noticed a cyan ugly thing
 11421 | D:10     | Killed a cyan ugly thing
 12042 | D:9      | Found Putaicw's Antique Armour Shop.
 12045 | D:9      | Bought a brightly glowing buckler for 256 gold pieces
 12045 | D:9      | Bought a runed robe for 99 gold pieces
 12080 | D:9      | Identified the +3 buckler of Duty {rPois rC+ Dex+3} (You
                  | bought it in a shop on level 9 of the Dungeon)
 12686 | D:10     | Reached skill level 1 in Shields
 13682 | D:10     | Got a steaming robe
 13693 | D:10     | Identified the +0 robe of Qohuat {rC- rN++ Regen+ SInv}
                  | (You found it on level 10 of the Dungeon)
 13747 | D:11     | Noticed a green ugly thing
 13760 | D:11     | Killed a green ugly thing
 14138 | D:11     | Noticed a cyclops
 14374 | D:11     | Gained mutation: You are partially covered in razor-sharp
                  | scales. (AC +1, Slay +1) [demonic ancestry]
 14374 | D:11     | Reached XP level 11. HP: 70/70 MP: 13/21
 14551 | D:11     | Reached skill level 9 in Earth Magic
 15030 | D:11     | Learned a level 5 spell: Lee's Rapid Deconstruction
 15542 | D:12     | Noticed a green ugly thing
 15555 | D:12     | Killed a green ugly thing
 16107 | D:12     | Found a staircase to the Orcish Mines.
 16419 | D:12     | Noticed a death knight
 16419 | D:12     | Noticed a deep elf archer
 16428 | D:12     | Noticed a deep elf pyromancer
 16736 | D:12     | Identified the ring "Kajug" {rF+ MP+9 Str+2 Int+4 Dex+6}
 16736 | D:12     | Noticed an ogre mage
 16740 | D:12     | Paralysed by an ogre mage for 4 turns
 16853 | Lair:1   | Entered Level 1 of the Lair of Beasts
 17468 | Lair:1   | Found a transporter.
 17469 | Lair:1   | Noticed a boulder beetle
 17471 | Lair:1   | Found a transporter.
 17471 | Lair:1   | Noticed a boulder beetle
 17611 | Lair:1   | Noticed a seven-headed hydra
 17650 | Lair:1   | Killed a seven-headed hydra
 17651 | Lair:1   | Reached skill level 5 in Stealth
 17938 | Lair:1   | Noticed an oklob plant
 18171 | Lair:2   | Noticed a four-headed hydra
 18247 | Lair:2   | Noticed a death yak
 18247 | Lair:2   | Noticed a death yak
 18262 | Lair:1   | Killed a death yak
 18263 | Lair:1   | Reached skill level 10 in Earth Magic
 18331 | Lair:1   | Killed a four-headed hydra
 18332 | Lair:1   | Gained mutation: You have a pair of large antennae on your
                  | head. (SInv) [demonic ancestry]
 18332 | Lair:1   | Reached XP level 12. HP: 34/76 MP: 13/24
 18534 | Lair:1   | Killed a death yak
 18535 | Lair:1   | Reached skill level 5 in Dodging
 19412 | Lair:2   | Identified the Handbook of the Compass
 19618 | Lair:2   | Found a staircase to the Swamp.
 20341 | Lair:3   | Got a scintillating glass ring
 20342 | Lair:3   | Noticed a six-headed hydra
 20378 | Lair:3   | Killed a six-headed hydra
 20384 | Lair:3   | Identified the ring "Bexink" {Wiz rPois rF- Str+3 Dex+4}
                  | (You found it on level 3 of the Lair of Beasts)
 20576 | Lair:3   | Noticed a catoblepas
 20609 | Lair:3   | Killed a catoblepas
 20683 | Lair:3   | Reached skill level 10 in Spellcasting
 20683 | Lair:3   | Gained mutation: A demonic guardian rushes to your aid.
                  | [demonic ancestry]
 20683 | Lair:3   | Reached XP level 13. HP: 90/90 MP: 25/27
 20846 | Lair:3   | Found a hole to the Spider Nest.
 20866 | Lair:3   | Reached skill level 11 in Earth Magic
 21280 | Lair:4   | Reached skill level 5 in Fighting
 21448 | Lair:4   | Gained mutation: You are mostly covered in razor-sharp
                  | scales. (AC +2, Slay +2) [demonic ancestry]
 21448 | Lair:4   | Reached XP level 14. HP: 98/98 MP: 24/28
 22656 | Lair:4   | Reached skill level 12 in Earth Magic
 22857 | Lair:4   | Learned a level 3 spell: Call Canine Familiar
 23283 | Lair:5   | Noticed Josephine
 23964 | Lair:4   | Reached skill level 10 in Stealth
 24194 | Lair:4   | Killed Josephine
 24508 | Lair:6   | Entered Level 6 of the Lair of Beasts
 24508 | Lair:6   | Noticed Sonja
 24510 | Lair:6   | Killed Sonja
 24532 | Lair:6   | Got an ancient robe
 24560 | Lair:5   | Identified the +0 robe "Surche" {Harm +Blink Will++ Str-5}
                  | (You found it on level 6 of the Lair of Beasts)
 25422 | Lair:6   | Reached skill level 1 in Summonings
 26004 | Lair:6   | Learned a level 5 spell: Fireball
 26312 | Lair:6   | Gained mutation: You are mostly covered in sharp spines.
                  | [demonic ancestry]
 26312 | Lair:6   | Reached XP level 15. HP: 96/103 MP: 19/29
 27047 | Lair:6   | Reached skill level 1 in Fire Magic
 27431 | Lair:6   | Identified a scroll of acquirement
 27431 | Lair:6   | Acquired a +3 quick blade
 27444 | Lair:6   | Found a staircase to the Slime Pits.
 28100 | D:12     | Noticed Nergalle
 28108 | D:12     | Reached skill level 10 in Short Blades
 28442 | D:12     | Killed Nergalle
 28462 | D:12     | Acquired the Handbook of Evil Clay
 28471 | D:12     | Learned a level 5 spell: Borgnjor's Vile Clutch
 28576 | D:12     | Reached skill level 1 in Necromancy
 28648 | D:12     | Learned a level 2 spell: Blink
 28887 | D:13     | Found a frozen archway.
 28952 | IceCv    | Entered an ice cave
 29956 | IceCv    | Found an ancient bone altar of Kikubaaqudgha.
 30702 | D:13     | Reached skill level 5 in Necromancy
 30989 | D:13     | Reached skill level 5 in Fire Magic
 31689 | D:14     | Learned a level 1 spell: Apportation
 32452 | D:14     | Found an opulent altar of Gozag.
 32585 | D:14     | Found a gate to the Vaults.
 32929 | D:15     | Entered Level 15 of the Dungeon
 33095 | D:15     | Found a staircase to the Depths.
 33095 | D:15     | Noticed a fire giant
 33125 | D:15     | Killed a fire giant
 33861 | D:15     | Found a white marble altar of Elyvilon.
 34169 | Orc:1    | Entered Level 1 of the Orcish Mines
 34175 | Orc:1    | Gained mutation: Your magical and physical power is
                  | slightly enhanced at high health. [demonic ancestry]
 34175 | Orc:1    | Reached XP level 16. HP: 109/109 MP: 31/31
 34181 | Orc:1    | Reached skill level 1 in Translocations
 34774 | Orc:2    | Entered Level 2 of the Orcish Mines
 34916 | Orc:2    | Found Wuff's Book Shoppe.
 34924 | Orc:2    | Bought a book of Transfigurations for 880 gold pieces
 34930 | Orc:2    | Learned a level 5 spell: Irradiate
 35024 | Orc:2    | Found Qifizint's Weapon Boutique.
 36270 | Orc:2    | Found Laze's Antique Armour Boutique.
 36271 | Orc:2    | Found Jafore's Antique Weapon Shop.
 36272 | Orc:2    | Found Ymonlom's General Store.
 36272 | Orc:2    | Found Zeidyef's Book Boutique.
 36276 | Orc:2    | Bought a scroll of identify for 30 gold pieces
 36276 | Orc:2    | Bought a scroll of teleportation for 45 gold pieces
 36286 | Orc:2    | Bought a heavily runed ring mail for 180 gold pieces
 36287 | Orc:2    | Identified the +0 ring mail of the Enchanted Forest {rPois
                  | Str-5 Dex+4} (You bought it in a shop on level 2 of the
                  | Orcish Mines)
 36427 | Orc:2    | Found a staircase to the Elven Halls.
 36802 | D:4      | Bought a scorched ring mail for 234 gold pieces
 36813 | D:4      | Identified the +1 ring mail of Gaulug {Int+7 SInv} (You
                  | bought it in a shop on level 4 of the Dungeon)
 36888 | D:3      | Killed backslashecho's ghost
 37227 | D:6      | Killed Duvessa
 37228 | D:6      | Killed Dowan
 37396 | Swamp:1  | Entered Level 1 of the Swamp
 38786 | Lair:2   | Bought a potion of curing for 42 gold pieces
 38786 | Lair:2   | Bought 2 potions of brilliance for 112 gold pieces
 38786 | Lair:2   | Bought a potion of might for 56 gold pieces
 38786 | Lair:2   | Bought a potion of curing for 42 gold pieces
 38786 | Lair:2   | Bought a potion of heal wounds for 70 gold pieces
 38967 | Lair:2   | Bought an ichor-stained kite shield for 351 gold pieces
 38967 | Lair:2   | Bought a shimmering kite shield for 351 gold pieces
 38978 | Lair:2   | Identified the cursed +0 kite shield of Nuoc {Dex+4} (You
                  | bought it in a shop on level 2 of the Lair of Beasts)
 38989 | Lair:2   | Identified the cursed +0 kite shield of Ru's Outrage {Str+4
                  | Slay+3} (You bought it in a shop on level 2 of the Lair of
                  | Beasts)
 40844 | Swamp:4  | Entered Level 4 of the Swamp
 40880 | Swamp:4  | Reached skill level 10 in Dodging
 41269 | Swamp:3  | Gained mutation: You are completely covered in sharp
                  | spines. [demonic ancestry]
 41269 | Swamp:3  | Reached XP level 17. HP: 56/115 MP: 32/32
 41808 | Swamp:4  | Reached skill level 10 in Fire Magic
 41847 | Swamp:4  | Noticed the 27-headed Lernaean hydra
 41854 | Swamp:4  | Reached skill level 1 in Evocations
 41855 | Swamp:4  | Killed the 27-headed Lernaean hydra
 42773 | Swamp:4  | Noticed Roxanne
 42777 | Swamp:4  | Killed Roxanne
 42852 | Swamp:4  | Got a decaying rune of Zot
 43386 | Spider:1 | Entered Level 1 of the Spider Nest
 44506 | Spider:2 | Reached skill level 5 in Evocations
 45054 | Spider:2 | Found a runed translucent gate.
 45054 | Spider:2 | Found a runed translucent gate.
 45054 | Spider:2 | Found a runed translucent gate.
 45054 | Spider:2 | Noticed Ageohoy's ghost (adept DsBe)
 45823 | Spider:2 | Killed Ageohoy's ghost
 45827 | Spider:2 | Got a warped glass ring
 45828 | Spider:2 | Identified the ring "Ysapnaohu" {+Blink EV+4 Int-3 Dex+3}
                  | (You found it on level 2 of the Spider Nest)
 46273 | Spider:2 | Learned a level 5 spell: Bolt of Magma
 46813 | Spider:4 | Entered Level 4 of the Spider Nest
 46847 | Spider:4 | Gained mutation: You are completely covered in razor-sharp
                  | scales. (AC +3, Slay +3) [demonic ancestry]
 46847 | Spider:4 | Reached XP level 18. HP: 93/129 MP: 18/34
 49607 | Spider:4 | Reached skill level 10 in Fighting
 49749 | Spider:4 | Got a gossamer rune of Zot
 50143 | D:14     | Bought the ring "Jept" {Will+ Int+4 Dex+2} for 758 gold
                  | pieces
 50150 | D:14     | Bought the +1 pair of gloves of Reasonable Joy {Will+ Str+2
                  | Dex+4} for 485 gold pieces
 50165 | D:14     | Bought a scroll of identify for 32 gold pieces
 50165 | D:14     | Bought a scroll of brand weapon for 320 gold pieces
 50165 | D:14     | Bought a scroll of teleportation for 48 gold pieces
 50165 | D:14     | Bought a scroll of teleportation for 48 gold pieces
 50165 | D:14     | Bought a scroll of identify for 32 gold pieces
 50165 | D:14     | Bought a scroll of acquirement for 832 gold pieces
 50165 | D:14     | Bought a scroll of teleportation for 48 gold pieces
 50165 | D:14     | Bought a scroll of blinking for 120 gold pieces
 50165 | D:14     | Bought a scroll of identify for 32 gold pieces
 50166 | D:14     | Acquired 517 gold pieces
 50169 | D:14     | Bought 2 potions of cancellation for 208 gold pieces
 50169 | D:14     | Bought a potion of might for 52 gold pieces
 50169 | D:14     | Bought a potion of heal wounds for 65 gold pieces
 50169 | D:14     | Bought a potion of heal wounds for 65 gold pieces
 50169 | D:14     | Bought a potion of brilliance for 52 gold pieces
 50169 | D:14     | Bought a potion of brilliance for 52 gold pieces
 50169 | D:14     | Bought a potion of haste for 130 gold pieces
 50178 | Vaults:1 | Entered Level 1 of the Vaults
 51049 | Vaults:1 | Gained mutation: Your magical and physical power is
                  | enhanced at high health. [demonic ancestry]
 51049 | Vaults:1 | Reached XP level 19. HP: 142/142 MP: 21/36
 51397 | Vaults:1 | Reached skill level 10 in Evocations
 51504 | Vaults:1 | Identified the +2 pair of gloves of Dishonesty {Will+} (You
                  | found it on level 1 of the Vaults)
 52123 | Vaults:1 | Found Xoechipuah's Jewellery Shop.
 52713 | Vaults:2 | Noticed Donald
 52717 | Vaults:2 | Killed Donald
 52718 | Vaults:2 | Noticed Sojobo
 52730 | Vaults:2 | Killed Sojobo
 53202 | Vaults:2 | Noticed Nikola
 53214 | Vaults:2 | Killed Nikola
 53215 | Vaults:2 | Reached skill level 13 in Earth Magic
 53321 | Vaults:2 | Noticed Bai Suzhen
 53330 | Vaults:2 | Killed Bai Suzhen
 53553 | Vaults:2 | Reached skill level 15 in Spellcasting
 53922 | Vaults:2 | Reached XP level 20. HP: 150/150 MP: 38/39
 54076 | Vaults:2 | Reached skill level 14 in Earth Magic
 54375 | Vaults:2 | Found a staircase to the Crypt.
 54375 | Vaults:2 | Found a basalt altar of Yredelemnul.
 54376 | Vaults:2 | Found an ancient bone altar of Kikubaaqudgha.
 54921 | Vaults:3 | Reached skill level 15 in Earth Magic
 55162 | Vaults:3 | Identified the +10 broad axe "Goor" {freeze, +Blink rElec
                  | Dex-3} (You found it on level 3 of the Vaults)
 55273 | Vaults:3 | Got an ancient steel ring
 55274 | Vaults:3 | Identified the ring of Zinoplaff {*Drain rC+ Int+2 Stlth-}
                  | (You found it on level 3 of the Vaults)
 55806 | Vaults:3 | Noticed Xtahua
 55817 | Vaults:3 | Killed Xtahua
 56086 | Vaults:3 | Found Soewo's Weapon Shoppe.
 56715 | Vaults:4 | Reached skill level 16 in Earth Magic
 56721 | Vaults:4 | Noticed Boris
 56733 | Vaults:4 | Killed Boris
 56964 | Vaults:4 | Found a large runed translucent door.
 56964 | Vaults:4 | Found a large runed translucent door.
 56964 | Vaults:4 | Found a large runed translucent door.
 56964 | Vaults:4 | Found a large runed translucent door.
 56964 | Vaults:4 | Found a large runed translucent door.
 56964 | Vaults:4 | Found a large runed translucent door.
 56964 | Vaults:4 | Found a large runed translucent door.
 56964 | Vaults:4 | Found a large runed translucent door.
 56964 | Vaults:4 | Noticed Copycat's ghost (adept DDFi)
 57126 | Vaults:4 | Gained mutation: Your magical and physical power is greatly
                  | enhanced at high health. [demonic ancestry]
 57126 | Vaults:4 | Reached XP level 21. HP: 156/156 MP: 26/41
 57825 | Elf:1    | Entered Level 1 of the Elven Halls
 58004 | Elf:1    | Found a shimmering blue altar of Sif Muna.
 58395 | Elf:1    | Identified the Reference Book on the Entourage
 58843 | Elf:1    | Found a portal to a secret trove of treasure.
 59329 | Elf:1    | Reached skill level 17 in Earth Magic
 59510 | Elf:2    | Found Utruic's Gadget Boutique.
 59511 | Elf:2    | Found Jili's Jewellery Boutique.
 59511 | Elf:2    | Found Ycegh's General Store.
 59514 | Elf:2    | Found Hunia's Weapon Shop.
 59532 | Elf:2    | Bought a lightning rod (4/4) for 510 gold pieces
 59532 | Elf:2    | Bought a wand of acid (11) for 510 gold pieces
 59548 | Elf:2    | Bought a scroll of identify for 36 gold pieces
 59548 | Elf:2    | Bought a scroll of blinking for 135 gold pieces
 59611 | Elf:2    | Found Aproug's Assorted Antiques.
 59660 | Elf:2    | Bought a potion of heal wounds for 175 gold pieces
 59660 | Elf:2    | Bought a scroll of identify for 70 gold pieces
 59924 | Elf:2    | Noticed Azrael
 59940 | Elf:2    | Killed Azrael
 60187 | Elf:2    | Found a huge runed translucent gate.
 60187 | Elf:2    | Found a huge runed translucent gate.
 60187 | Elf:2    | Found a huge runed translucent gate.
 60187 | Elf:2    | Found a huge runed translucent gate.
 60189 | Elf:2    | Found a huge runed translucent gate.
 61118 | Elf:3    | Entered Level 3 of the Elven Halls
 61798 | Elf:3    | Reached skill level 18 in Earth Magic
 62527 | Elf:3    | Reached XP level 22. HP: 113/163 MP: 36/43
 62888 | Elf:3    | Identified the cursed +0 mace of Spontaneous Combustion
                  | {holy, *Slow rElec rF+++ SInv}
 62919 | Elf:3    | Identified the cursed +0 chain mail of Raddunt {rF- SInv
                  | Stlth+}
 63758 | Elf:3    | Reached skill level 19 in Earth Magic
 63883 | Elf:3    | Identified the Volume of Feathers and Attacks
 63919 | Elf:3    | Identified the Tome of the Torrid Voyage
 63951 | Elf:3    | Identified the +2 cloak of the Stallion {Rampage rPois rF-}
                  | (You found it on level 3 of the Elven Halls)
 63982 | Elf:3    | Identified the Grimoire of Intoxication and the Frostbite
 64025 | Elf:3    | Identified the Reference Book on Venom and Displacement
 64040 | Elf:3    | Learned a level 9 spell: Shatter
 64301 | Depths:1 | Entered Level 1 of the Depths
 64301 | Depths:1 | Noticed Mara
 64306 | Depths:1 | Noticed gimp's illusion
 64306 | Depths:1 | Killed Mara
 64558 | Depths:1 | Noticed Boris
 64915 | D:15     | Bought the +5 cloak of Mallol {rC+ Regen+ rCorr} for 785
                  | gold pieces
 64928 | D:15     | Bought a scroll of teleportation for 48 gold pieces
 64928 | D:15     | Bought a potion of curing for 48 gold pieces
 64928 | D:15     | Bought a scroll of identify for 32 gold pieces
 64954 | Depths:1 | Killed Boris
 65321 | Depths:1 | Found a basalt altar of Yredelemnul.
 65445 | Depths:1 | Found a one-way gate leading to the halls of Pandemonium.
 65511 | Depths:1 | Found Puhican's Distillery.
 65516 | Depths:1 | Bought a potion of brilliance for 56 gold pieces
 65516 | Depths:1 | Bought a potion of heal wounds for 70 gold pieces
 65516 | Depths:1 | Bought a potion of curing for 42 gold pieces
 65516 | Depths:1 | Bought a potion of curing for 42 gold pieces
 65516 | Depths:1 | Bought a potion of magic for 112 gold pieces
 65516 | Depths:1 | Bought a potion of haste for 140 gold pieces
 65516 | Depths:1 | Bought a potion of magic for 112 gold pieces
 65616 | Depths:1 | Found a gateway to Hell.
 66025 | Depths:2 | Noticed a juggernaut
 66031 | Depths:2 | Noticed a caustic shrike
 66189 | Depths:2 | Killed a juggernaut
 66190 | Depths:2 | Reached XP level 23. HP: 169/169 MP: 22/45
 66206 | Depths:2 | Killed a caustic shrike
 66374 | Depths:2 | Noticed a juggernaut
 66397 | Depths:2 | Killed a juggernaut
 67672 | Depths:3 | Reached skill level 15 in Fire Magic
 68258 | Depths:3 | Noticed Aizul
 68263 | Depths:3 | Killed Aizul
 68448 | Depths:3 | Found a gateway to a ziggurat.
 68469 | Depths:3 | Identified the cursed +1 ring mail of a Labyrinth {Dex+2}
                  | (You found it on level 3 of the Depths)
 69039 | Depths:1 | Bought a scroll of fog for 40 gold pieces
 69039 | Depths:1 | Bought a scroll of teleportation for 60 gold pieces
 69263 | Depths:3 | Learned a level 8 spell: Ignition
 69385 | Depths:4 | Found Wyzur's Antique Armour Shop.
 69399 | Depths:4 | Found Yceufik's General Store.
 69423 | Depths:4 | Bought a pair of bloodstained gloves for 408 gold pieces
 69424 | Depths:4 | Identified the +1 pair of gloves of Benevolence {-Cast +Inv
                  | rN+} (You bought it in a shop on level 4 of the Depths)
 69465 | Depths:4 | Bought a throwing net for 75 gold pieces
 69465 | Depths:4 | Bought a scroll of fear for 87 gold pieces
 69568 | Depths:4 | Reached XP level 24. HP: 154/175 MP: 35/45
 69960 | Depths:4 | Found Qoprus's Distillery.
 69983 | Depths:4 | Found Guhyut's Weapon Shop.
 69995 | Depths:4 | Bought a potion of curing for 72 gold pieces
 69995 | Depths:4 | Bought a potion of curing for 72 gold pieces
 69995 | Depths:4 | Bought a potion of heal wounds for 120 gold pieces
 69995 | Depths:4 | Bought a potion of ambrosia for 192 gold pieces
 70194 | Depths:4 | Found Doiffirch's Gadget Shoppe.
 70496 | Depths:4 | Found a corrupted altar of Lugonu.
 70497 | Depths:4 | Found a one-way gate to the infinite horrors of the Abyss.
 70897 | Depths:4 | Found a roughly hewn altar of Beogh.
 70947 | Depths:4 | Found an ancient bone altar of Kikubaaqudgha.
 71243 | Depths:4 | Found Zipetadgh's General Store.
 71263 | Depths:4 | Bought a scroll of teleportation for 66 gold pieces
 71344 | Depths:4 | Found The Legendary Aruoc's Legendary Smithy.
 71479 | Depths:4 | Found a glowing silver altar of Zin.
 71538 | Depths:4 | Found Synuwur's Miraculous Elixirs.
 71863 | Depths:5 | Entered Level 5 of the Depths
 71919 | Depths:4 | Bought a potion of curing for 93 gold pieces
 72539 | Depths:5 | Found a gate to the Realm of Zot.
 73232 | Slime:1  | Entered Level 1 of the Pits of Slime
 73255 | Slime:1  | Gained mutation: You are weak. (Str -2) [a shining eye]
 73257 | Slime:1  | Reached skill level 20 in Earth Magic
 73914 | Slime:2  | Reached XP level 25. HP: 85/181 MP: 18/46
 74983 | Slime:4  | Gained mutation: Your body sometimes deteriorates upon
                  | taking damage. [a shining eye]
 75205 | Slime:5  | Entered Level 5 of the Pits of Slime
 75268 | Slime:5  | Noticed the Royal Jelly
 75675 | Slime:5  | Killed the Royal Jelly
 75696 | Slime:5  | Reached skill level 21 in Earth Magic
 75751 | Slime:5  | Found the ring of the Hare {EV+8}
 75753 | Slime:5  | Found the amulet of Vitality {Regen+ HP+15}
 75772 | Slime:5  | Identified the +1 robe of the Bulwark {Will- Int+6} (You
                  | found it on level 5 of the Pits of Slime)
 75783 | Slime:5  | Got a steaming pewter amulet
 75784 | Slime:5  | Identified the amulet "Jagraemi" {rC+ Will+ Regen+ Str+4
                  | Stlth+} (You found it on level 5 of the Pits of Slime)
 75811 | Slime:5  | Got a translucent graven amulet
 75812 | Slime:5  | Identified the amulet of Brawling {rN+ Regen+ Str+2} (You
                  | found it on level 5 of the Pits of Slime)
 75828 | Slime:5  | Got a faintly glowing pewter ring
 75829 | Slime:5  | Identified the cursed ring of Vosopp {rPois rF+ rC+ Str-4
                  | Slay+3} (You found it on level 5 of the Pits of Slime)
 75936 | Slime:5  | Identified the Almanac of Arcane Weapons and the Mountains
 75949 | Slime:5  | Got a slimy rune of Zot
 75951 | Slime:5  | Identified the +12 falchion "Famapp" {vorpal, rElec rPois
                  | Dex+2} (You found it on level 5 of the Pits of Slime)
 75960 | Slime:5  | Identified a +1 pair of boots of running (You found it on
                  | level 5 of the Pits of Slime)
 76493 | Vaults:5 | Entered Level 5 of the Vaults
 77269 | Vaults:5 | Identified the ring "Wago" {*Contam rElec rPois rF+++
                  | Str+6}
 77408 | Vaults:5 | Reached XP level 26. HP: 188/188 MP: 42/47
 77684 | Vaults:5 | Reached skill level 22 in Earth Magic
 77814 | Vaults:5 | Identified the +4 halberd "Obbogut" {vorpal, Will+}
 77814 | Vaults:5 | Identified the +2 robe of Olabethri {Harm}
 77816 | Vaults:5 | Noticed a dread lich
 77926 | Vaults:5 | Identified the amulet "Ysipseuc" {Spirit *Slow Str+5}
 77965 | Vaults:5 | Identified Sif Muna's Guide on the Sinister Mountains
 79179 | Vaults:5 | Reached skill level 23 in Earth Magic
 79183 | Vaults:4 | Killed a dread lich
 79349 | Vaults:5 | Noticed a dread lich
 79368 | Vaults:5 | Killed a dread lich
 79807 | Vaults:5 | Got a silver rune of Zot
 79981 | Vaults:5 | Learned a level 9 spell: Absolute Zero
 80214 | Vaults:5 | Found the +4 dagger "Morg" {pain, Will+ Int+5}
 81035 | D:14     | Bought the ring of Aviuryd {Wiz rPois rN+} for 771 gold
                  | pieces
 81174 | Depths:4 | Voluntarily entered the Abyss.
 81311 | Abyss:1  | Reached skill level 1 in Ice Magic
 81719 | Abyss:3  | Reached skill level 5 in Ice Magic
 81805 | Abyss:3  | Got an abyssal rune of Zot
 81823 | Depths:4 | Escaped the Abyss
 81896 | Depths:3 | Learned a level 8 spell: Necromutation
 81897 | Depths:3 | Upgraded the game from 0.27-a0-216-g1fbed8a51c to
                  | 0.27-a0-223-ge082b6e869
 81898 | Pan      | Entered Pandemonium
 82555 | Pan      | Gained mutation: A powerful demonic guardian rushes to your
                  | aid. [demonic ancestry]
 82555 | Pan      | Reached XP level 27. HP: 183/194 MP: 43/48
 83007 | Pan      | Noticed Weuhozur the pandemonium lord
 83013 | Pan      | Reached skill level 10 in Ice Magic
 83013 | Pan      | Killed Weuhozur the pandemonium lord
 83182 | Pan      | Noticed Weilue Coemi the pandemonium lord
 83209 | Pan      | Killed Weilue Coemi the pandemonium lord
 83766 | Pan      | Entered the realm of Mnoleg.
 83945 | Pan      | Reached skill level 24 in Earth Magic
 84260 | Pan      | Gained mutation: You are very weak. (Str -4) [a neqoxec]
 84303 | Pan      | Noticed Mnoleg
 84316 | Pan      | Got a glowing rune of Zot
 84378 | Pan      | Entered the realm of Lom Lobon.
 85393 | Pan      | Reached skill level 15 in Ice Magic
 85891 | Pan      | Noticed Lom Lobon
 86459 | Pan      | Killed Lom Lobon
 86602 | Pan      | Got a magical rune of Zot
 87021 | Pan      | Mangled by an apis

Illustrated notes

Levels and vault maps discovered:
D:1:      minmay_arrival_loop, layout_rooms, minmay_misc_feat_doors,
          chequers_arboretum, serial_bayou_pond_e
D:2:      layout_loops_cross, chequers_ecumenical_altar_island
D:3:      layout_rooms, lemuel_crystal_altar, gammafunk_ghost_split,
          kennysheep_generic_room_14
D:4:      layout_loops_cross, cheibrodos_ashenzari_chains, serial_shops, shop,
          gup_sewer_entry_pipe
D:5:      layout_basic, minmay_temple_entry_glass, grunt_decor_cap
D:6:      layout_rooms, general_overflow_altar, lemuel_doored_altar,
          chequers_ossuary_entry_cave, uniq_duvessa
D:7:      layout_loops_ring, serial_shops, shop, hangedman_decor_push,
          corexii_leaking_fountain, fedhas_altar_decomposition
D:8:      layout_gridville, grunt_lair_entry_orc_guard_hut, basic_altar,
          grunt_qazlal_clouds, uniq_erica
D:9:      layout_loops_cross, serial_shops, nicolae_shop_behind_doors
D:10:     layout_roguey, hex_medium, hangedman_pestilent_swarm
D:11:     minmay_twisted_water, layout_loops_ring
D:12:     minmay_cut_squares, layout_loops_ring, zombieorc1_lemuel,
          small_statue_intersection, uniq_nergalle
D:13:     layout_layer_cave, portal_ice_cave_entry_imps, special_room
          [special_room_bee]
D:14:     layout_basic, david_vaults_1, nicolae_gozag_seed_capital,
          kennysheep_generic_room_8
D:15:     grunt_enter_depths_giant_problem, layout_loops_ring, elyvilon_altar_4
Temple:   hc_temple_tempest_star
Lair:1:   gammafunk_boulding_lane, layout_misc_corridors,
          minmay_lair_oklob_items
Lair:2:   layout_small_grid, minmay_swamp_entry_swarm, serial_bayou_pond_d,
          grunt_megastairs_3
Lair:3:   layout_chaotic_city, spider_nest_entry_web_field
Lair:4:   layout_concentric_octagons, infiniplex_staircase_pool
Lair:5:   layout_hall_layers, chequers_serial_rivers_room_a, uniq_josephine
Lair:6:   evilmike_catoblepas_cave, layout_cave_pods, dpeg_slime_entry_corner,
          uniq_sonja
Swamp:1:  layout_basic_swamp, hangedman_swamp_ruin_wall
Swamp:2:  layout_basic_swamp, evilmike_swamp_ruin_rubble_1,
          infiniplex_staircase_pool_2
Swamp:3:  layout_basic_swamp, nicolae_swamp_round_clearing
Swamp:4:  swamp_alternative, layout_basic_swamp, swamp_pool4, uniq_roxanne
Spider:1: layout_spider_delve, worms_lemuel
Spider:2: layout_spider_delve, ebering_ghost_rock_garden
Spider:3: layout_spider_delve
Spider:4: floodkiller_spider_rune_tomb
Slime:1:  layout_caves, nicolae_slime_barrier
Slime:2:  layout_caves
Slime:3:  layout_caves
Slime:4:  layout_caves
Slime:5
Orc:1:    layout_caves
Orc:2:    st_orc_congregation, layout_diamond_mine, serial_shops, shop_statue,
          shop
Elf:1:    layout_geoelf_diagonals, enter_trove_0, minmay_elf_demonology,
          david_defended_altar_elf
Elf:2:    layout_gridlike, serial_shops, shop, minmay_shoptagon,
          grunt_megastairs_2, uniq_azrael
Elf:3:    nooodl_elf_gasket, layout_geoelf_diagonals, special_room
          [special_room_orc], solitary_fountain, elves_outpost_lemuel
Vaults:1: v_rooms_5, nicolae_vaults_mini_display_case, hangedman_vaults_hat,
          v_alt_pattern_2, v_alt_pattern_4, v_misc_3,
          nicolae_vaults_specimen_jars, vaults_dpeg_cross,
          nicolae_vaults_holding_cells, v_misc_19, hangedman_vaults_slice,
          layout_vaults_ring, serial_shops, shop_fountains
Vaults:2: v_pattern_2, v_alt_pattern_5, hangedman_vaults_stream,
          minmay_crypt_entry_necro_gods, ontoclasm_vaults_hangar,
          layout_vaults_chaotic_city, uniq_donald, uniq_bai_suzhen, uniq_nikola,
          uniq_sojobo
Vaults:3: v_misc_17, hangedman_vaults_maws, st_greater_box_5,
          vaults_standard_mumra_enter_the_diamond,
          nicolae_vaults_little_squares_2, vaults_dpeg_encased_lava,
          vaults_room_fours, vaults_room_hallway, ontoclasm_vaults_gateway,
          layout_vaults_maze_bifur, serial_shops, shop_statue, uniq_xtahua
Vaults:4: advil_vaults_ghost_lines, ontoclasm_vaults_ring_small,
          hangedman_vaults_snaps, v_rooms_5, v_alt_pattern_6,
          ontoclasm_vaults_fault, nicolae_vaults_three_branches,
          nicolae_vaults_network_s, v_misc_13, serial_ice_m, v_alt_pattern_6,
          vaults_room_pool, vaults_dpeg_ring, layout_vaults_omnibox,
          serial_glass, uniq_boris
Vaults:5: serial_shops
Depths:1: layout_forbidden_donut, amcnicky_mini_pool_small, serial_shops,
          nicolae_shop_behind_doors, hellmouth_1, rand_demon_pan_entry_3,
          serial_bayou_lagoon_a, hangedman_blasphemy, uniq_mara
Depths:2: minmay_strange_plus, layout_twisted_cross, grunt_hell_entry_dis_old,
          kennysheep_small_spiral, pan_entry, infiniplex_staircase_trident
Depths:3: hangedman_crystal_crosses_colossus [crystal_crosses_arms_four,
          crystal_crosses_arms_two, crystal_crosses_arms_two,
          crystal_crosses_arms_one], hell_entry, pan_entry, uniq_aizul
Depths:4: grated_community_mu [grated_community_mu_vampire_home,
          grated_community_mu_giant_home, grated_community_mu_spellcaster_home,
          grated_community_mu_orcish_home, grated_community_mu_troll_home,
          grated_community_mu_taur_home, grated_community_mu_unbuilt_plot],
          layout_honeycomb, serial_shops, nicolae_shop_overgrown_old_shop,
          nicolae_shop_window_shopping, shop, nicolae_shop_behind_doors, shop,
          abyss_entry_flame_altar, kennysheep_nub, hell_entry
Depths:5: grunt_zot_entry_hairpin, layout_cave_pools, minmay_misc_feat_ornament,
          hell_entry, abyss_entry, minmay_misc_feat_cross, serial_bayou_shore_a
Pan:      evilmike_mini_pan_doors_b, layout_pan_divisions_a
          [pan_division_quadrant_a2, pan_division_quadrant_a1,
          pan_division_quadrant_a4, pan_division_quadrant_a5,
          pan_division_octagon_divided], evilmike_mini_pan_diamond,
          layout_pan_divisions_a [pan_division_quadrant_a2,
          pan_division_quadrant_a5, pan_division_quadrant_a4,
          pan_division_quadrant_a4, pan_division_octagon_halves],
          nicolae_pan_lom_lobonic_3, mnoleg_st, layout_small_grid,
          lom_lobon_spiral_st, layout_irregular_city, pan_blood_fountain_small,
          evilmike_holy_pan

Skill      XL: |  1  2  3  4  5  6  7  8  9 10 11 12 13 14 15 16 17 18 19 20 21 22 23 24 25 26 27 |
---------------+----------------------------------------------------------------------------------+-----
Earth Magic    | 3 4 5 6 7 8 10 11 12 13 16 18 19 20 21 23 24 | 24.0
Fighting       | 1 4 5 8 10 11 | 11.0
Conjurations   | 1 2 3 4 6 8 |  8.0
Transmutations | 1 2 4 6 8 |  8.0
Spellcasting   | 4 6 7 8 10 11 12 13 15 16 17 18 19 20 21 | 21.0
Short Blades   | 4 6 7 9 10 | 10.0
Shields        | 3 4 |  4.0
Stealth        | 2 5 7 8 10 | 10.0
Dodging        | 4 5 6 10 11 | 11.0
Summonings     | 3 4 |  4.0
Fire Magic     | 5 9 10 13 17 18 | 18.0
Necromancy     | 8 |  8.0
Translocations | 2 |  2.0
Evocations     | 6 9 11 | 11.0
Ice Magic      | 9 16 | 16.6

Action                   |  1- 3 |  4- 6 |  7- 9 | 10-12 | 13-15 | 16-18 | 19-21 | 22-24 | 25-27 || total
-------------------------+-------+-------+-------+-------+-------+-------+-------+-------+-------++-------
Melee: Unarmed           |     6 |       |       |       |       |       |       |       |       ||     6
       Short sword       |    24 |       |    97 |       |       |       |       |       |       ||   121
       Dagger            |       |    32 |    96 |   281 |   217 |       |       |       |    85 ||   711
       Quick blade       |       |       |       |       |    69 |   301 |   248 |   613 |   773 ||  2004
Throw: Dart              |       |       |       |       |       |       |       |     5 |       ||     5
 Cast: Sandblast         |    55 |   103 |    27 |       |       |       |       |       |       ||   185
       Stone Arrow       |       |     1 |   107 |   350 |   428 |   713 |   354 |   276 |   251 ||  2480
       Petrify           |       |       |     9 |    24 |    96 |    12 |     5 |     9 |       ||   155
       Lee's Rapid Decon |       |       |       |    10 |    77 |    47 |    99 |   115 |    87 ||   435
       Passwall          |       |       |       |     1 |       |     1 |       |       |     2 ||     4
       Fireball          |       |       |       |       |    26 |    48 |    55 |    34 |    10 ||   173
       Borgnjor's Vile C |       |       |       |       |     4 |    70 |    63 |   132 |    84 ||   353
       Call Canine Famil |       |       |       |       |     2 |     3 |       |     1 |       ||     6
       Apportation       |       |       |       |       |     1 |     4 |       |    12 |    68 ||    85
       Irradiate         |       |       |       |       |       |    29 |    14 |    28 |    29 ||   100
       Bolt of Magma     |       |       |       |       |       |    38 |    35 |    40 |    15 ||   128
       Blink             |       |       |       |       |       |     3 |       |       |     2 ||     5
       Ignition          |       |       |       |       |       |       |       |    15 |    57 ||    72
Invok: Potion Petition   |       |       |       |     1 |       |       |       |       |       ||     1
       Call Merchant     |       |       |       |       |       |     6 |       |     4 |     2 ||    12
Evoke: Wand              |       |       |     4 |       |     2 |     2 |     2 |     1 |     4 ||    15
       Tin of tremorston |       |       |       |     1 |     3 |     4 |     6 |       |     1 ||    15
       Condenser vane    |       |       |       |       |     1 |     1 |     1 |       |       ||     3
       Phantom mirror    |       |       |       |       |       |       |     2 |       |     2 ||     4
       Lightning rod     |       |       |       |       |       |       |       |       |     3 ||     3
  Use: Scroll            |       |     9 |     9 |    10 |    13 |    16 |     8 |     4 |    18 ||    87
       Potion            |       |       |     9 |     1 |     1 |       |     1 |       |     6 ||    18
 Stab: Sleeping          |     1 |     3 |       |       |     1 |     2 |     2 |     7 |     1 ||    17
       Distracted        |       |     1 |       |     2 |     2 |     3 |     8 |     7 |    12 ||    35
       Petrified         |       |       |    21 |    31 |    67 |     7 |     5 |     2 |       ||   133
       Petrifying        |       |       |       |       |     4 |     1 |       |       |       ||     5
Armor: Robe              |    10 |    14 |    27 |    55 |   133 |     3 |       |    29 |    23 ||   294
       Ring mail         |       |       |       |       |       |   113 |    37 |    29 |   135 ||   314
Dodge: Dodged            |    22 |    52 |    97 |   132 |   251 |   409 |   194 |   289 |   327 ||  1773
       Repelled          |       |       |       |       |       |     1 |    11 |     1 |       ||    13
Block: Buckler           |       |       |       |   102 |   170 |   241 |   106 |   185 |   194 ||   998

Table legend: (Time is in decaauts)
 A = Elapsed time spent in this place.
 B = Non-inter-level travel time spent in this place.
 C = Inter-level travel time spent in this place.
 D = Time resting spent in this place.
 E = Time spent auto-exploring this place.
 F = Levels seen in this place.
 G = Mean time per level.
                   A        B        C        D        E       F      G
               +--------+--------+--------+--------+--------+-----+--------+
         Total |  85450 |  79796 |   5654 |  11099 |  49412 |  61 | 1400.8 |
       Dungeon |  23348 |  21019 |   2329 |   2648 |  14286 |  15 | 1556.5 |
        Temple |    277 |    266 |     11 |      0 |    265 |   1 |  277.0 |
          Lair |  11494 |  10475 |   1019 |   3083 |   5051 |   6 | 1915.7 |
         Swamp |   5767 |   5445 |    322 |   1251 |   3114 |   4 | 1441.8 |
   Spider Nest |   6405 |   6183 |    222 |    150 |   4705 |   4 | 1601.2 |
    Slime Pits |   2781 |   2664 |    117 |    512 |   1374 |   5 |  556.2 |
  Orcish Mines |   2454 |   2285 |    169 |    236 |   1315 |   2 | 1227.0 |
   Elven Halls |   6291 |   6016 |    275 |    780 |   3892 |   3 | 2097.0 |
        Vaults |  11255 |  10713 |    542 |    981 |   7235 |   5 | 2251.0 |
        Depths |   8008 |   7363 |    645 |    600 |   4384 |   5 | 1601.6 |
         Abyss |    545 |    545 |      0 |     57 |    140 |   3 |  181.7 |
   Pandemonium |   4516 |   4516 |      0 |    435 |   2220 |   5 |  903.2 |
         Sewer |    231 |    231 |      0 |      0 |    192 |   1 |  231.0 |
       Ossuary |    682 |    682 |      0 |    329 |    238 |   1 |  682.0 |
      Ice Cave |   1391 |   1391 |      0 |     36 |    997 |   1 | 1391.0 |
               +--------+--------+--------+--------+--------+-----+--------+

Top non-repeatable levels by time:
Spider:4: 2936 daAuts
Vaults:5: 2936 daAuts
Depths:4: 2687 daAuts
   Elf:2: 2570 daAuts
 Swamp:3: 2508 daAuts
Vaults:1: 2492 daAuts
  Lair:3: 2456 daAuts
    D:11: 2349 daAuts
Vaults:2: 2206 daAuts
  Lair:6: 2201 daAuts
Vaults:4: 2187 daAuts
     D:7: 2139 daAuts
  Lair:4: 2136 daAuts
   Elf:3: 2110 daAuts
Spider:2: 2018 daAuts
